 Dungeon Sprint DCSS version 0.22-a0-265-g0d8bc90 (webtiles) character file.

3499 Kidiri the Fighter (level 9, -9/89 HPs)
             Began as a Minotaur Fighter on Mar 6, 2018.
             Was an Elder of Okawaru.
             Killed from afar by an orc sorcerer (28 damage)
             ... with a bolt of negative energy
             ... led by an orc high priest
             ... while paralysed by an orc sorcerer
             ... in the Dungeon (Sprint VII: "The Pits").
             The game lasted 00:05:15 (1152 turns).

Kidiri the Fighter (Minotaur Fighter)               Turns: 1152, Time: 00:05:16

Health: -9/89      AC: 21    Str: 28    XL:     9   Next: 80%
Magic:  10/12      EV:  2    Int:  8    God:    Okawaru [****..]
Gold:   0          SH:  0    Dex: 11    Spells: 8/8 levels left

rFire    . . .     SeeInvis .   a - +2 morningstar (protect)
rCold    + . .     Gourm    .   c - +0 shield
rNeg     . . .     Faith    .   b - +3 plate armour
rPois    .         Spirit   .   (helmet restricted)
rElec    .         Reflect  .   x - +0 cloak
rCorr    .         Harm     .   (no gloves)
MR       .....     NoTele   +   (no boots)
Stlth    ..........             (no amulet)
HPRegen  0.24/turn              s - +3 ring of strength
MPRegen  0.13/turn              t - +3 ring of intelligence

@: paralysed, heroism, drained
A: retaliatory headbutt, horns 2, cold resistance 1, strong 1, wild magic 1
a: Heroism, Renounce Religion


You were in the Dungeon.
You worshipped Okawaru.
Okawaru was greatly pleased with you.
You were not hungry.

You visited 1 branch

Inventory:

Hand Weapons
 a - a +2 morningstar of protection (weapon)
Missiles
 q - 3 stones (quivered)
Armour
 b - a +3 plate armour (worn)
 c - a +0 shield (worn)
 w - a +0 helmet
 x - a +0 cloak (worn)
Jewellery
 s - a +3 ring of strength (left hand)
 t - a +3 ring of intelligence (right hand)
Wands
 r - a wand of disintegration (10)
Scrolls
 k - a scroll of blinking
 m - 3 scrolls of remove curse
 n - 5 scrolls of amnesia
 o - a scroll of summoning
Potions
 d - 2 potions of might
 e - 7 potions of curing
 g - 10 potions of heal wounds
 h - a potion of haste
 i - 4 potions of magic
 j - 3 potions of berserk rage
 l - 2 potions of invisibility
 u - 2 potions of agility
 v - 2 potions of brilliance
Comestibles
 f - 8 rations
 p - a chunk of flesh


   Skills:
 * Level 11.6(15.8) Fighting
 * Level 10.9(15.1) Maces & Flails
 + Level 6.3(10.6) Throwing
 * Level 11.3(15.5) Armour
 * Level 10.1(14.3) Dodging
 + Level 5.4(9.7) Stealth
 * Level 11.3(15.5) Shields
 + Level 5.5(4.9) Invocations


You had 8 spell levels left.
You didn't know any spells.

Dungeon Overview and Level Annotations

Branches:
Dungeon (1/1)

Altars:
Ashenzari
Cheibriados
Dithmenos
Elyvilon
Fedhas
Gozag
Hepliaklqana
Kikubaaqudgha
Makhleb
Nemelex Xobeh
Okawaru
Qazlal
Ru
Sif Muna
Trog
Uskayaw
Vehumet
Wu Jian
Xom
Yredelemnul
Zin
The Shining One
Beogh
Jiyva
Lugonu

Annotations:
D exclusions: 4 doors and 4 more exclusions


Innate Abilities, Weirdness & Mutations

You reflexively headbutt those who attack you in melee.
You have a pair of horns on your head.
Your flesh is cold resistant. (rC+)
Your muscles are strong. (Str +2)
Your spells are a little harder to cast, but a little more powerful.


Message History

The orc high priest invokes the aid of Beogh against you.
Pain shoots through your body!
Some of the chunks of flesh in your inventory have rotted away.
You gain the combat prowess of a mighty hero.
The orc sorcerer points at you and mumbles some strange words.
You suddenly lose the ability to move!
The orc high priest completely misses you.
The red devil hits you but does no damage.
The orc sorcerer hits you but does no damage.
The red devil hits you from afar with an enchanted trident!
* * * LOW HITPOINT WARNING * * *
The orc high priest hits you with a glaive.
* * * LOW HITPOINT WARNING * * *
The orc sorcerer hits you but does no damage.
The red devil hits you but does no damage.
The orc high priest hits you but does no damage.
The orc sorcerer casts a spell at you.
Helpless, you fail to dodge the bolt of negative energy.
You feel drained.
You die...

____.#
__...###########++######
####+##................#
)))+.##......#..#......#
####.##................+
......+................+
#+#####......#..#.4....#
..#).##......()........#
..+).#####+#####@'######
###+###.......##oo#
.....##.......##9)##
.....##.......##...##
#+#####...<...###...##+##.
)))[.##.......# ##......oo
)))[.##.......# #..###'###
#######.......##4.## .
..#.. ##########g.


You could see an orc high priest, a molten gargoyle, an orc sorcerer and a red
devil.

Vanquished Creatures
  Erolcha (D)
  A swamp dragon (D)
  Maurice (D)
  A black mamba (D)
  Joseph (D)
  A jumping spider (D)
  A blink frog (D)
  A fire bat (D)
  A hungry ghost (D)
  A water moccasin (D)
  A floating eye (D)
  An orc warrior (D)
  An ice beast (D)
  A necrophage (D)
  A wolf (D)
  Crazy Yiuf (D)
  A worker ant (D)
  2 river rats (D)
  3 ufetubi (D)
  A leopard gecko (D)
  3 orcs (D)
  2 giant cockroaches (D)
  A ball python zombie (D)
  A bat (D)
  A frilled lizard (D)
  A giant cockroach zombie (D)
  A kobold (D)
33 creatures vanquished.

Notes
Turn   | Place    | Note
-------+----------+-------------------------------------------
     0 | D        | Kidiri the Minotaur Fighter began the quest for the Orb.
     0 | D        | Reached XP level 1. HP: 19/19 MP: 0/0
    34 | D        | Noticed a floating eye
    37 | D        | Killed a floating eye
    37 | D        | Reached skill level 5 in Fighting
    37 | D        | Reached skill level 5 in Armour
    37 | D        | Reached skill level 1 in Stealth
    37 | D        | Reached skill level 5 in Shields
    37 | D        | Reached XP level 2. HP: 30/30 MP: 1/1
    37 | D        | Reached XP level 3. HP: 37/37 MP: 2/2
    37 | D        | Reached XP level 4. HP: 44/44 MP: 3/3
    42 | D        | Found a bloodstained altar of Trog.
    42 | D        | Found a deep blue altar of Sif Muna.
    42 | D        | Found a viscous altar of Jiyva.
    42 | D        | Found a hazy altar of Hepliaklqana.
    42 | D        | Found an opulent altar of Gozag.
    43 | D        | Found a glowing golden altar of the Shining One.
    43 | D        | Found a glowing silver altar of Zin.
    43 | D        | Found a basalt altar of Yredelemnul.
    43 | D        | Found a shimmering altar of Xom.
    43 | D        | Found an ornate altar of the Wu Jian Council.
    43 | D        | Found a sacrificial altar of Ru.
    43 | D        | Found a stormy altar of Qazlal.
    43 | D        | Found an iron altar of Okawaru.
    43 | D        | Found a sparkling altar of Nemelex Xobeh.
    43 | D        | Found a burning altar of Makhleb.
    43 | D        | Found a blossoming altar of Fedhas.
    43 | D        | Found a white marble altar of Elyvilon.
    43 | D        | Found a shadowy altar of Dithmenos.
    43 | D        | Found a snail-covered altar of Cheibriados.
    45 | D        | Found a radiant altar of Vehumet.
    45 | D        | Found a corrupted altar of Lugonu.
    45 | D        | Found a roughly hewn altar of Beogh.
    46 | D        | Found a hide-covered altar of Uskayaw.
    46 | D        | Found an ancient bone altar of Kikubaaqudgha.
    46 | D        | Found a shattered altar of Ashenzari.
    51 | D        | Became a worshipper of Warmaster Okawaru
   213 | D        | Reached skill level 5 in Maces & Flails
   246 | D        | Noticed a hungry ghost
   266 | D        | Killed a hungry ghost
   266 | D        | Reached * piety under Okawaru
   266 | D        | Reached skill level 5 in Dodging
   266 | D        | Reached XP level 5. HP: 47/52 MP: 3/5
   298 | D        | Reached XP level 6. HP: 53/60 MP: 6/6
   450 | D        | Noticed a fire bat
   475 | D        | Killed a fire bat
   479 | D        | Reached ** piety under Okawaru
   479 | D        | Reached XP level 7. HP: 59/69 MP: 6/8
   561 | D        | Noticed a swamp dragon
   572 | D        | Killed a swamp dragon
   572 | D        | Reached *** piety under Okawaru
   572 | D        | Reached skill level 5 in Throwing
   572 | D        | Reached XP level 8. HP: 55/78 MP: 6/10
   915 | D        | Noticed Joseph
   915 | D        | Noticed a jumping spider
   927 | D        | Killed a jumping spider
   939 | D        | Killed Joseph
   939 | D        | Reached **** piety under Okawaru
   939 | D        | Reached skill level 10 in Fighting
   939 | D        | Reached skill level 10 in Armour
   939 | D        | Reached skill level 10 in Shields
   972 | D        | Gained mutation: Your muscles are strong. (Str +2) [potion of mutation]
   972 | D        | Gained mutation: Your flesh is cold resistant. (rC+) [potion of mutation]
   972 | D        | Gained mutation: Your spells are a little harder to cast, but a little more powerful. [potion of mutation]
  1086 | D        | Noticed a red devil
  1086 | D        | Noticed Crazy Yiuf
  1086 | D        | Noticed Maurice
  1087 | D        | Noticed an orc sorcerer
  1087 | D        | Noticed a blink frog
  1090 | D        | Paralysed by Maurice for 4 turns
  1097 | D        | Killed Crazy Yiuf
  1102 | D        | Noticed a black mamba
  1103 | D        | Killed Maurice
  1103 | D        | Reached XP level 9. HP: 84/86 MP: 9/11
  1108 | D        | Received a gift from Okawaru
  1108 | D        | Reached skill level 10 in Maces & Flails
  1109 | D        | Killed a black mamba
  1109 | D        | Reached skill level 5 in Stealth
  1109 | D        | Reached skill level 5 in Invocations
  1110 | D        | Noticed Erolcha
  1110 | D        | Paralysed by Erolcha for 2 turns
  1138 | D        | Killed Erolcha
  1138 | D        | Received a gift from Okawaru
  1138 | D        | Reached skill level 10 in Dodging
  1141 | D        | Noticed an orc high priest
  1148 | D        | Noticed a molten gargoyle
  1149 | D        | Paralysed by an orc sorcerer for 5 turns
  1152 | D        | Killed from afar by an orc sorcerer

Vault maps used:
D:        pitsprint

Skill      XL: |  1  2  3  4  5  6  7  8  9 |
---------------+----------------------------+-----
Fighting       | 5 7 8 9 10 11 | 11.6
Maces & Flails | 4 6 7 8 9 10 | 10.9
Throwing       | 2 3 4 5 6 |  6.3
Armour         | 5 6 8 9 10 11 | 11.3
Dodging        | 3 5 6 7 9 10 | 10.1
Stealth        | 1 2 3 4 5 |  5.4
Shields        | 5 6 8 9 10 11 | 11.3
Invocations    | 2 3 4 5 |  5.5

Action                   |  1- 3 |  4- 6 |  7- 9 || total
-------------------------+-------+-------+-------++-------
Melee: Flail             |     2 |       |       ||     2
       Headbutt          |     1 |     8 |    11 ||    20
       Mace              |       |    61 |    44 ||   105
       Morningstar       |       |       |    36 ||    36
Throw: Stone             |       |     1 |       ||     1
Invok: Heroism           |       |     1 |     5 ||     6
  Use: Potion            |       |       |     1 ||     1
  Eat: Chunk             |       |     4 |     1 ||     5
       Ration            |       |       |     1 ||     1
Armor: Scale mail        |       |    30 |    11 ||    41
       Plate armour      |       |       |    33 ||    33
Dodge: Dodged            |       |    28 |    37 ||    65
Block: Shield            |       |    33 |    56 ||    89

Table legend:
 A = Spawn XP
 B = Non-spawn XP
 C = Spawn XP percentage of total XP
 D = Spawn monster count
 E = Non-spawn monster count
 F = Spawn count percentage of total count
 G = Total turns spent on level
                    A         B        C        D         E        F      G
               +---------+---------+-------+---------+---------+-------+---------
         Total |       0 |    4999 |   0.0 |       0 |      33 |   0.0 |  1152
               +---------+---------+-------+---------+---------+-------+---------
             D |       0 |    4999 |   0.0 |       0 |      33 |   0.0 |  1152
               +---------+---------+-------+---------+---------+-------+---------
